 Dungeon Sprint DCSS version 0.32-a0-876-gcfddb08e57 (webtiles) character file.

Game seed: 12519938191397725294

3000000 Griffin23 the Ex Machina (level 19, -3/207 HPs)
             Began as a Minotaur Artificer on Apr 1, 2024.
             Killed by an exploding large bag of meat (14 damage)
             ... ignited by their inner flame
             ... in the Dungeon (Sprint VIII: "Arena of Blood").
             The game lasted 00:02:28 (30 turns).

Griffin23 the Ex Machina (Minotaur Artificer)         Turns: 30, Time: 00:02:30

Health: -3/207     AC:  6    Str: 22    XL:     19   Next: 89%
Magic:  16/27      EV: 25    Int:  8    God:
Gold:   0          SH:  0    Dex: 14    Spells: 18/18 levels left

rFire   . . .        l - +∞ Axe of Woe
rCold   . . .        (shield currently unavailable)
rNeg    . . .        b - +0 leather armour
rPois   .            (helmet restricted)
rElec   .            (no cloak)
rCorr   .            (no gloves)
SInv    .            (no boots)
Will    +....        (no amulet)
Stlth   +            (no ring)
HPRegen 0.54/turn    (no ring)
MPRegen 0.20/turn

%: no teleportation
@: no status effects
A: horns 2, retaliatory headbutt
a: no special abilities


You were in the Dungeon.
You visited 1 branch

Inventory:

Hand Weapons
 a - a +0 club
 l - the +∞ Axe of Woe (weapon)
   (You found it in the Dungeon)
Armour
 b - a +0 leather armour (worn)
Wands
 c - a wand of flame (15) (quivered)
 d - a wand of charming (15)
 e - a wand of iceblast (5)
Potions
 f - a potion of curing
 h - a potion of haste
 i - 2 potions of magic
 j - a potion of berserk rage


   Skills:
 O Level 27 Fighting
 + Level 13.1(15.3) Short Blades
 + Level 14.2(16.6) Long Blades
 O Level 27 Axes
 + Level 14.2(23.6) Polearms
 + Level 14.2(16.6) Staves
 + Level 13.1 Ranged Weapons
 + Level 12.1 Throwing
 O Level 27 Armour
 O Level 27 Dodging
 - Level 0.7 Stealth
 + Level 14.2 Shields
 + Level 9.4 Conjurations
 + Level 8.6 Hexes
 + Level 10.3 Summonings
 + Level 9.4 Necromancy
 + Level 9.4 Translocations
 + Level 9.4 Fire Magic
 + Level 9.4 Ice Magic
 + Level 9.4 Air Magic
 + Level 11.2 Earth Magic
 + Level 10.3 Alchemy
 + Level 13.2 Invocations
 O Level 27 Evocations
 + Level 10.3 Shapeshifting


You had 18 spell levels left.
You didn't know any spells.
Your spell library was empty.

Dungeon Overview and Level Annotations

Branches:
Dungeon (1/1)

Altars:
Makhleb


Innate Abilities, Weirdness & Mutations

You have a pair of horns on your head.
You reflexively headbutt those who attack you in melee.


Message History

A bag of meat comes into view. It is wielding a +9 war axe. x3
The destroyer gestures at you while chanting.
The destroyer blinks!
A meat berserker comes into view. It is wielding a +9 battleaxe.
You hear a shout!
Your base Short Blades skill gained 2 levels and is now at level 13!
Your base Long Blades skill gained 2 levels and is now at level 14!
Your base Polearms skill gained 2 levels and is now at level 14!
Your base Staves skill gained 2 levels and is now at level 14!
Your Ranged Weapons skill gained 2 levels and is now at level 13!
Your Throwing skill increases to level 12!
Your Shields skill gained 2 levels and is now at level 14!
Your Conjurations skill increases to level 9!
Your Hexes skill increases to level 8!
Your Summonings skill increases to level 10!
Your Necromancy skill increases to level 9!
Your Translocations skill increases to level 9!
Your Fire Magic skill increases to level 9!
Your Ice Magic skill increases to level 9!
Your Air Magic skill increases to level 9!
Your Earth Magic skill increases to level 11!
Your Alchemy skill increases to level 10!
Your Invocations skill increases to level 13!
Your Shapeshifting skill increases to level 10!
You aren't carrying any scrolls.
Okay, then.
You hit the destroyer.
You hew the destroyer violently.
You destroy the destroyer!
You slice the bag of meat!!
You fatally mangle the bag of meat.
You kill the bag of meat!
You slash the large bag of meat!
Flame seeps out of the large bag of meat.
You chop the large bag of meat into pieces.
You hit the bag of meat.
You hew the bag of meat violently.
You kill the bag of meat!
You slash the bag of meat!
You slaughter the bag of meat joyfully.
You kill the bag of meat!
The large bag of meat explodes!
The fiery explosion engulfs the bag of meat!!
The fiery explosion engulfs you!
You die...

#.. ..# .....o###..
..###.
...o......o###......
..o#........_o....
.#.......#..)).#
......V..#_)<)_#
#O...o§§#o))..#
o..#.o§§§§.._.....
O§...O§@○.o###......
...oO.###O......###.
..... #.ooO...# ....
#. .....# ..O o.
..... #. O. o .


You could see a destroyer, 2 large bags of meat, 6 meat berserkers and 13 bags
of meat.

Vanquished Creatures
  2 vampire knights (D)
  9 ogres (D)
  2 two-headed ogres (D)
  28 orcs (D)
41 creatures vanquished.

Notes
Turn   | Place    | Note
-------+----------+-------------------------------------------
     0 | D        | Found the +∞ Axe of Woe
     0 | D        | Griffin23 the Minotaur Artificer began the quest for the
                  | Orb.
     0 | D        | Reached XP level 1. HP: 16/16 MP: 0/0
     2 | D        | Noticed a bag of meat
     3 | D        | Noticed a bag of meat
     3 | D        | Noticed a bag of meat
     4 | D        | Noticed a bag of meat
     4 | D        | Noticed a bag of meat
     5 | D        | Noticed a bag of meat
     5 | D        | Noticed a bag of meat
     7 | D        | Noticed a bag of meat
     8 | D        | Killed a bag of meat
     8 | D        | Killed a bag of meat
     9 | D        | Reached skill level 15 in Axes
     9 | D        | Reached skill level 5 in Dodging
     9 | D        | Reached XP level 2. HP: 13/36 MP: 1/1
     9 | D        | Reached XP level 3. HP: 15/41 MP: 2/2
     9 | D        | Reached XP level 4. HP: 18/49 MP: 3/3
     9 | D        | Reached XP level 5. HP: 20/55 MP: 4/4
     9 | D        | Reached XP level 6. HP: 23/62 MP: 5/5
     9 | D        | Reached XP level 7. HP: 25/69 MP: 6/6
     9 | D        | Reached XP level 8. HP: 28/75 MP: 7/7
     9 | D        | Reached XP level 9. HP: 30/82 MP: 8/8
     9 | D        | Reached XP level 10. HP: 33/89 MP: 9/9
     9 | D        | Reached XP level 11. HP: 35/95 MP: 10/10
     9 | D        | Killed a bag of meat
     9 | D        | Killed a bag of meat
     9 | D        | Killed a bag of meat
     9 | D        | Noticed a bag of meat
     9 | D        | Noticed a bag of meat
     9 | D        | Noticed a meat berserker
     9 | D        | Noticed a bag of meat
     9 | D        | Noticed a meat berserker
    10 | D        | Reached skill level 10 in Fighting
    10 | D        | Reached XP level 12. HP: 40/108 MP: 11/11
    10 | D        | Reached XP level 13. HP: 43/114 MP: 12/12
    10 | D        | Killed a bag of meat
    10 | D        | Noticed a bag of meat
    11 | D        | Noticed a bag of meat
    11 | D        | Killed a bag of meat
    11 | D        | Killed a bag of meat
    12 | D        | Reached skill level 27 in Evocations
    12 | D        | Reached XP level 14. HP: 48/126 MP: 13/13
    12 | D        | Noticed a bag of meat
    13 | D        | Noticed a bag of meat
    14 | D        | Killed a meat berserker
    14 | D        | Noticed a bag of meat
    15 | D        | Killed a meat berserker
    16 | D        | Reached skill level 27 in Axes
    16 | D        | Reached XP level 15. HP: 31/144 MP: 14/14
    16 | D        | Noticed a meat berserker
    16 | D        | Noticed a meat berserker
    16 | D        | Noticed a meat berserker
    16 | D        | Noticed a meat berserker
    17 | D        | Noticed a meat berserker
    18 | D        | Noticed a meat berserker
    19 | D        | Killed a meat berserker
    20 | D        | Reached skill level 27 in Armour
    20 | D        | Noticed a meat berserker
    21 | D        | Reached XP level 16. HP: 66/170 MP: 15/15
    21 | D        | Killed a meat berserker
    21 | D        | Noticed a large bag of meat
    22 | D        | Reached skill level 27 in Fighting
    22 | D        | Killed a meat berserker
    22 | D        | Killed a meat berserker
    23 | D        | Reached skill level 27 in Dodging
    23 | D        | Reached XP level 17. HP: 32/191 MP: 16/16
    23 | D        | Noticed a meat berserker
    24 | D        | Reached skill level 5 in Throwing
    24 | D        | Reached skill level 5 in Earth Magic
    24 | D        | Noticed a large bag of meat
    24 | D        | Killed a meat berserker
    24 | D        | Noticed a large bag of meat
    24 | D        | Noticed a destroyer
    25 | D        | Reached skill level 5 in Conjurations
    25 | D        | Reached skill level 5 in Hexes
    25 | D        | Reached skill level 5 in Necromancy
    25 | D        | Reached skill level 5 in Translocations
    25 | D        | Reached skill level 5 in Fire Magic
    25 | D        | Reached skill level 5 in Ice Magic
    25 | D        | Reached skill level 5 in Air Magic
    25 | D        | Reached XP level 18. HP: 34/200 MP: 16/23
    25 | D        | Killed a meat berserker
    25 | D        | Noticed a meat berserker
    26 | D        | Reached skill level 10 in Long Blades
    26 | D        | Reached skill level 10 in Polearms
    26 | D        | Reached skill level 10 in Staves
    26 | D        | Reached skill level 10 in Shields
    27 | D        | Reached skill level 10 in Short Blades
    27 | D        | Reached skill level 10 in Ranged Weapons
    27 | D        | Reached skill level 10 in Invocations
    27 | D        | Noticed a destroyer
    27 | D        | Noticed a large bag of meat
    27 | D        | Noticed a meat berserker
    27 | D        | Noticed a meat berserker
    27 | D        | Noticed a destroyer
    27 | D        | Noticed a meat berserker
    28 | D        | Reached skill level 10 in Throwing
    28 | D        | Reached XP level 19. HP: 36/207 MP: 16/26
    28 | D        | Killed a meat berserker
    29 | D        | Reached skill level 10 in Earth Magic
    29 | D        | Killed a destroyer
    29 | D        | Killed a large bag of meat
    29 | D        | Noticed a meat berserker
    30 | D        | Reached skill level 10 in Summonings
    30 | D        | Reached skill level 10 in Alchemy
    30 | D        | Reached skill level 10 in Shapeshifting
    30 | D        | Killed a destroyer
    30 | D        | Killed a large bag of meat
    30 | D        | Killed by an exploding large bag of meat... ignited by
                  | their inner flame

Illustrated notes

Levels and vault maps discovered:
D:        meatsprint

Skill      XL: |  1  2  3  4  5  6  7  8  9 10 11 12 13 14 15 16 17 18 19 |
---------------+----------------------------------------------------------+-----
Fighting       | 8 10 12 16 22 27 | 27.0
Axes           | 15 18 22 27 | 27.0
Armour         | 14 17 19 23 27 | 27.0
Dodging        | 5 6 7 9 13 27 | 27.0
Evocations     | 20 25 27 | 27.0
Short Blades   | 8 11 13 | 13.1
Long Blades    | 8 12 14 | 14.2
Polearms       | 8 12 14 | 14.2
Staves         | 8 12 14 | 14.2
Ranged Weapons | 8 11 13 | 13.1
Throwing       | 7 10 12 | 12.1
Shields        | 8 12 14 | 14.2
Conjurations   | 5 7 9 |  9.4
Hexes          | 5 7 8 |  8.6
Summonings     | 6 8 10 | 10.3
Necromancy     | 5 7 9 |  9.4
Translocations | 5 7 9 |  9.4
Fire Magic     | 5 7 9 |  9.4
Ice Magic      | 5 7 9 |  9.4
Air Magic      | 5 7 9 |  9.4
Earth Magic    | 6 9 11 | 11.2
Alchemy        | 6 8 10 | 10.3
Invocations    | 8 11 13 | 13.2
Shapeshifting  | 6 8 10 | 10.3
Stealth        | |  0.7

Action                     |  1- 3 |  4- 6 |  7- 9 | 10-12 | 13-15 | 16-18 | 19-21 || total
---------------------------+-------+-------+-------+-------+-------+-------+-------++-------
  Melee: Executioner's axe |     1 |       |       |     1 |     6 |     7 |     3 ||    18
    Use: Scroll            |       |       |       |       |     1 |       |       ||     1
         Potion            |       |       |       |       |     1 |       |       ||     1
 Armour: Leather armour    |     1 |       |       |       |     1 |     1 |     2 ||     5

Table legend: (Time is in decaauts)
 A = Elapsed time spent in this place.
 B = Non-inter-level travel time spent in this place.
 C = Inter-level travel time spent in this place.
 D = Time resting spent in this place.
 E = Time spent auto-exploring this place.
 F = Levels seen in this place.
 G = Mean time per level.
                   A        B        C        D        E       F      G
               +--------+--------+--------+--------+--------+-----+--------+
         Total |     26 |     26 |      0 |      0 |      0 |   1 |   26.0 |
       Dungeon |     26 |     26 |      0 |      0 |      0 |   1 |   26.0 |
               +--------+--------+--------+--------+--------+-----+--------+

Top non-repeatable levels by time:
       D: 26 daAuts
